 Dungeon Crawl Stone Soup version 0.28.0-47-ge53b351184 (webtiles) character file.

Game seed: 16855090137751356778

188 Bruhh the Chiller (level 5, -1/42 HPs)
             Began as a Naga Ice Elementalist on May 3, 2022.
             Slain by an orc wizard
             ... wielding a +0 dagger
              (4 damage)
             ... on level 4 of the Dungeon.
             The game lasted 00:07:05 (2785 turns).

Bruhh the Chiller (Naga Ice Elementalist)           Turns: 2785, Time: 00:07:06

Health: -1/42      AC:  2    Str: 10    XL:     5   Next: 67%
Magic:  0/10       EV:  9    Int: 22    God:
Gold:   110        SH:  0    Dex: 11    Spells: 4/11 levels left

rFire   . . .      SeeInvis +   l - +10 falchion "Xipsuc" {spect, +Blink Int+4}
rCold   . . .      Faith    .   (no shield)
rNeg    . . .      Spirit   .   a - +0 robe
rPois   +          Reflect  .   (no helmet)
rElec   .          Harm     .   (no cloak)
rCorr   .          Rampage  .   (no gloves)
Will    .....                   (no barding)
Stlth   ++........              (no amulet)
HPRegen 0.14/turn               (no ring)
MPRegen 0.12/turn               (no ring)

@: freezing walls, very slow
A: AC +1, large, see invisible, deformed body, poison resistance, slowness 2,
spit poison 1, naga tail 1
a: Spit Poison, Evoke Blink


You were on level 4 of the Dungeon.
You visited 1 branch of the dungeon, and saw 4 of its levels.

You collected 110 gold pieces.

Inventory:

Hand Weapons
 i - a +0 short sword of venom
 l - the +10 falchion "Xipsuc" (weapon) {spect, +Blink Int+4}
   (You found it on level 3 of the Dungeon)

   When its wielder attacks, the weapon's spirit leaps out and strikes again.
   The spirit shares a part of any damage it takes with its wielder.
   Int:       It affects your intelligence (+4).
   +Blink:    It lets you blink.
Armour
 a - a +0 robe (worn)
Scrolls
 b - a scroll of enchant armour {unknown}
 c - 3 scrolls of identify {unknown}
 d - a scroll of enchant weapon {unknown}
 g - a scroll of acquirement {unknown}
 h - 2 scrolls of teleportation {unknown}
 j - a scroll of blinking {unknown}
Potions
 e - a potion of haste {unknown}
 f - a potion of curing {unknown}
 k - a potion of resistance {unknown}
 m - a potion of flight {unknown}
 n - 2 potions of invisibility {unknown}
 o - a potion of heal wounds {unknown}


   Skills:
 - Level 1.6 Dodging
 - Level 3.1 Stealth
 + Level 3.9 Spellcasting
 + Level 5.5 Ice Magic


You had 4 spell levels left.
You knew the following spells:

 Your Spells              Type           Power      Damage    Failure   Level
a - Freeze                Ice            100%       1d11      1%          1
b - Frozen Ramparts       Ice            56%        1d7       3%          3
c - Ozocubu's Armour      Ice            28%        N/A       3%          3

Your spell library contained the following spells:

 Spells                   Type           Power      Damage    Failure   Level
 Beastly Appendage        Tmut           8%         N/A       12%         1
 Wereblood                Tmut           4%         N/A       17%         2
 Spider Form              Tmut/Pois      4%         N/A       34%         3
 Hailstorm                Conj/Ice       16%        3d6       36%         4


Dungeon Overview and Level Annotations

Branches:
Dungeon (4/15)
 Temple: D:4-7

Altars:

Annotations:
D:3 3 runed translucent doors, duchin's ghost, amateur DgAE


Innate Abilities, Weirdness & Mutations

Your serpentine skin is tough. (AC +1)
You have supernaturally acute eyesight. (SInv)
Armour fits poorly on your strangely shaped body.
Your system is resistant to poisons. (rPois)
You cover ground very slowly.
You can spit poison.
You have a snake-like lower body.


Message History

The wall freezes the orc wizard!
The orc wizard completely misses you.
The wall freezes the orc!
You kill the orc!
The orc wizard hits you with a +0 dagger.
* * * LOW HITPOINT WARNING * * *
The wall freezes the endoplasm.
You kill the endoplasm!
The wall freezes the orc wizard.
You kill the orc wizard!
Casting: Frozen Ramparts (dangerous; 3% risk of failure)
Confirm with . or Enter, or press ? or * to list all spells.
Aiming: Freeze (safe; 1% risk of failure)
Press: ? - help, Shift-Dir - straight line, f - scorpion
Aim: a scorpion You freeze the scorpion.
The scorpion is lightly wounded.
The orc wizard gestures at you while chanting.
You resist with some effort.
The wall freezes the scorpion.
The scorpion stings you but does no damage.
Casting: Freeze (safe; 1% risk of failure)
Confirm with . or Enter, or press ? or * to list all spells.
Aiming: Freeze (safe; 1% risk of failure)
Press: ? - help, Shift-Dir - straight line, f/p - scorpion
Aim: a scorpion (moderately wounded)
You freeze the scorpion.
The scorpion is moderately wounded.
The orc wizard hits you with a +0 dagger.
* * * LOW HITPOINT WARNING * * *
The wall freezes the scorpion.
The scorpion barely misses you.
Casting: Freeze (safe; 1% risk of failure)
Confirm with . or Enter, or press ? or * to list all spells.
Aiming: Freeze (safe; 1% risk of failure)
Press: ? - help, Shift-Dir - straight line, f - orc wizard, p - scorpion
Aim: an orc wizard, wielding a +0 dagger and wearing a +0 robe (heavily wounded, slightly transparent)
You freeze the orc wizard.
The orc wizard is heavily wounded.
The wall freezes the scorpion.
The scorpion stings you.
* * * LOW HITPOINT WARNING * * *
The orc wizard hits you with a +0 dagger.
You die...

##..###### .
#........# ..
#........# ...
##.........# ....
#..#.......#
.....##.##.<.....#
........##.......#
#.....)##.<.....#
.......s@........#
.#.#...o)#.......#
............)...#
...........#######
.#.........#
....#(.....#
...........#
##..>......


You could see a scorpion and an orc wizard (invisible).

Vanquished Creatures
  A jelly (D:4)
  2 orc wizards
  3 adders (D:3)
  A dart slug (D:3)
  6 orcs
  6 bats
  5 endoplasms
  4 giant cockroaches
  8 goblins
  3 hobgoblins
  5 jackals (D:2)
  8 kobolds
  A quokka (D:3)
  8 ball pythons
  3 frilled lizards
  6 rats
70 creatures vanquished.

Notes
Turn   | Place    | Note
-------+----------+-------------------------------------------
     0 | D:1      | Bruhh the Naga Ice Elementalist began the quest for the
                  | Orb.
     0 | D:1      | Reached XP level 1. HP: 15/15 MP: 3/3
    13 | D:1      | Found a faded altar of an unknown god.
   372 | D:1      | Reached XP level 2. HP: 20/22 MP: 3/5
  1047 | D:2      | Reached XP level 3. HP: 4/28 MP: 0/6
  1051 | D:2      | Learned a level 3 spell: Frozen Ramparts
  1055 | D:2      | Learned a level 3 spell: Ozocubu's Armour
  1637 | D:2      | You fall into a shaft and drop 1 floor!
  1685 | D:3      | Reached XP level 4. HP: 6/36 MP: 4/8
  1703 | D:3      | HP: 1/36 [orc/boomerang (4)]
  2147 | D:3      | Identified the +10 falchion "Xipsuc" {spect, +Blink Int+4}
  2243 | D:3      | Reached skill level 5 in Ice Magic
  2509 | D:3      | Found a runed translucent gate.
  2509 | D:3      | Found a runed translucent gate.
  2509 | D:3      | Found a runed translucent gate.
  2512 | D:3      | Noticed duchin's ghost (amateur DgAE)
  2536 | D:3      | Reached XP level 5. HP: 38/42 MP: 10/10
  2785 | D:4      | Slain by an orc wizard

Illustrated notes

Levels and vault maps discovered:
D:1:      tarquinn_simple_flora_water_d, layout_loops_ring,
          basic_ecumenical_altar, chequers_serial_rivers_micro_b
D:2:      layout_basic, serial_corexii_hall, corexii_hall_statues_t,
          corexii_hall_statues_t, corexii_hall_statues_s, serial_shops,
          nicolae_shop_stone, minmay_circle_x, uniq_crazy_yiuf_cottage
D:3:      layout_rooms, ebering_ghost_rock_garden, minmay_vboxes
D:4:      cheibrodos_greedy_goblins, layout_rooms, sigmund_edmund_badplayer

Skill      XL: |  1  2  3  4 |
---------------+-------------+-----
Spellcasting   | 3 |  3.9
Ice Magic      | 5 |  5.5
Dodging        | |  1.6
Stealth        | |  3.1

Action                   |  1- 3 |  4- 6 || total
-------------------------+-------+-------++-------
Melee: Unarmed           |    18 |       ||    18
       Short sword       |     1 |     4 ||     5
       Falchion          |       |    17 ||    17
 Cast: Freeze            |    39 |    28 ||    67
       Frozen Ramparts   |     2 |     3 ||     5
 Stab: Distracted        |     1 |     1 ||     2
       Sleeping          |     1 |     1 ||     2
Armor: Robe              |    10 |    11 ||    21
Dodge: Dodged            |    26 |    38 ||    64
